 Dungeon Crawl Stone Soup version 0.18.1-8-gdd0e5ea (webtiles) character file.

247 Metae the Digger (level 5, -1/41 HPs)
             Began as a Draconian Earth Elementalist on June 7, 2016.
             Slain by a gnoll
             ... wielding a +0 spear
              (3 damage)
             ... on level 4 of the Dungeon.
             The game lasted 00:51:30 (8434 turns).

Metae the Digger (Draconian Earth Elementalist)     Turns: 8434, Time: 00:51:31

Health: -1/41      AC:  5    Str: 11    XL:     5   Next: 85%
Magic:  8/9        EV: 12    Int: 16    God:
Gold:   193        SH:  0    Dex: 11    Spells: 3 memorised, 2 levels left

rFire  . . .     SeeInvis .     e - +0 dagger
rCold  . . .     Gourm    +     (armour unavailable)
rNeg   . . .     Faith    .     (no shield)
rPois  .         Spirit   .     (helmet restricted)
rElec  .         Dismiss  .     (no cloak)
rCorr  .         Reflect  .     (no gloves)
SustAt .         Harm     .     (no boots)
MR     .....                    k - amulet of the gourmand
Stlth  ++........               (no ring)
                                (no ring)

@: not resistant to hostile enchantments, unstealthy
A: unfitting armour, cold-blooded, AC +5
a: no special abilities


You were on level 4 of the Dungeon.
You were very full.

You visited 1 branch of the dungeon, and saw 4 of its levels.

You collected 193 gold pieces.

Inventory:

Hand Weapons
 e - a +0 dagger (weapon)
 g - a +1 mace of protection
 h - a +0 short sword
 j - a +0 short sword
 t - a +0 blowgun
Missiles
 u - 11 poisoned needles
 w - a stone (quivered)
Jewellery
 k - an amulet of the gourmand (around neck)
Scrolls
 i - a scroll of identify
 l - a scroll of magic mapping {unknown}
 q - 2 scrolls of enchant armour {unknown}
 r - a scroll of immolation {unknown}
 s - a scroll of recharging {unknown}
 y - a scroll of fog {unknown}
 A - 2 scrolls of teleportation {unknown}
Potions
 a - a potion of flight {unknown}
 f - a potion of degeneration {unknown}
 m - 2 potions of haste {unknown}
 n - a potion of heal wounds {unknown}
 o - 2 potions of brilliance {unknown}
 p - a potion of lignification {unknown}
 z - a potion of magic {unknown}
Books
 b - a book of Geomancy

   Spells                             Type                      Level
   a - Sandblast                      Earth                        1
   b - Passwall                       Transmutation/Earth          2
   c - Stone Arrow                    Conjuration/Earth            3
   d - Petrify                        Transmutation/Earth          4
   e - Lee's Rapid Deconstruction     Earth                        5
Comestibles
 c - 2 bread rations
 x - 2 fruits


   Skills:
 + Level 2.1 Fighting
 + Level 2.6 Dodging
 + Level 2.6 Stealth
 * Level 3.3 Spellcasting
 + Level 1.1 Conjurations
 + Level 1.5 Transmutations
 * Level 4.0 Earth Magic


You had 2 spell levels left.
You knew the following spells:

 Your Spells              Type           Power        Failure   Level  Hunger
a - Sandblast             Erth           ###...       4%          1    None
b - Stone Arrow           Conj/Erth      ##....       21%         3    ###....
c - Petrify               Trmt/Erth      ##......     63%         4    ####...


Dungeon Overview and Level Annotations

Branches:
Dungeon (4/15)             Temple (0/1) D:4

Altars:


Innate Abilities, Weirdness & Mutations

Your plain brown scales are hard (AC +5).
Your body does not fit into most forms of armour.
You are cold-blooded and may be slowed by cold attacks.


Message History

Casting: Sandblast
Confirm with . or Enter, or press ? or * to list all spells.
Aiming: Stone Arrow
Press: ? - help, Shift-Dir - straight line, f - gnoll, p - scorpion
Aim: a gnoll, wielding a spear The stone arrow hits the scorpion.
You kill the scorpion!
Your Conjurations skill increases to level 1!
Your Earth Magic skill increases to level 4!
The gnoll closely misses you.
The gnoll hits you from afar with a spear!
* * * LOW HITPOINT WARNING * * *
The gnoll completely misses you.
The gnoll hits you from afar with a spear.
* * * LOW HITPOINT WARNING * * *
The gnoll barely misses you. The gnoll closely misses you.
The gnoll hits you but does no damage. The gnoll closely misses you.
The gnoll hits you but does no damage.
The gnoll hits you from afar with a spear.
You die...

....#..# ##.. ....#..#
##.# ...##.## ### #..#
...#..# ##.###.##
..##..# #......# .##..##
#####......# ###..#
####...........# ###..#
######.....##.......#
#..##
####.g.@...###########..
##..# ####....g...### ..
....###.............# #.
...................## .
..................##
....##...........##
..)####........###
##..... ..## ##########
##....... ..## #........


You could see 2 gnolls.

Vanquished Creatures
  A scorpion (D:4)
  A worker ant (D:4)
  6 adders
  A gnoll (D:1)
  4 oozes
  2 worms
  A dart slug (D:1)
  A giant gecko (D:3)
  2 orcs (D:3)
  12 bats
  8 giant cockroaches
  8 hobgoblins
  2 jackals (D:3)
  A quokka (D:2)
  2 ball pythons
  4 giant newts
  11 goblins
  8 kobolds
  10 rats
85 creatures vanquished.

Notes
Turn   | Place    | Note
--------------------------------------------------------------
     0 | D:1      | Metae the Draconian Earth Elementalist began the quest for the Orb.
     0 | D:1      | Reached XP level 1. HP: 14/14 MP: 3/3
   238 | D:1      | Reached XP level 2. HP: 6/20 MP: 0/5
  1337 | D:1      | Reached XP level 3. HP: 23/26 MP: 0/6
  1342 | D:1      | Learned a level 3 spell: Stone Arrow
  2876 | D:2      | Reached skill level 1 in Fighting
  3300 | D:2      | Reached XP level 4. HP: 13/35 MP: 1/8
  4355 | D:2      | Learned a level 4 spell: Petrify
  6444 | D:3      | Reached XP level 5. HP: 41/41 MP: 5/9
  8256 | D:4      | Found a staircase to the Ecumenical Temple.
  8366 | D:4      | Reached skill level 1 in Conjurations
  8366 | D:4      | Reached skill level 4 in Earth Magic
  8425 | D:4      | HP: 1/41 [gnoll/spear (4)]
  8434 | D:4      | Slain by a gnoll

Skill      XL: |  1  2  3  4  5 |
---------------+----------------+-----
Dodging        | 2 |  2.6
Stealth        | 2 |  2.6
Fighting       | 1 2 |  2.1
Spellcasting   | 3 |  3.3
Conjurations   | 1 |  1.1
Earth Magic    | 4 |  4.0
Transmutations | |  1.5

Action                   |  1- 3 |  4- 6 || total
-------------------------+-------+-------++-------
Melee: Unarmed           |    15 |       ||    15
       Dagger            |    41 |    47 ||    88
       Tailslap          |     4 |     5 ||     9
 Cast: Sandblast         |    54 |    40 ||    94
       Stone Arrow       |    15 |    34 ||    49
  Use: Scroll            |     1 |       ||     1
       Potion            |       |     3 ||     3
 Stab: Sleeping          |       |     1 ||     1
  Eat: Chunk             |     7 |    22 ||    29
       Bread ration      |     1 |     1 ||     2
       Beef jerky        |     1 |       ||     1
Armor: Skin              |    48 |    21 ||    69
Dodge: Dodged            |   114 |    58 ||   172
